 Dungeon Crawl Stone Soup version 0.22-a0-247-gbddf880 (webtiles) character file.

8 sankara the Grave Robber (level 2, 17/19 HPs)
             Began as a Demonspawn Necromancer on Feb 26, 2018.
             Got out of the dungeon alive.
             The game lasted 00:03:46 (371 turns).

sankara the Grave Robber (Demonspawn Necromancer)    Turns: 371, Time: 00:03:47

Health: 17/19      AC:  2    Str:  8    XL:     2   Next: 0%
Magic:  4/5        EV: 12    Int: 16    God:
Gold:   20         SH:  0    Dex: 13    Spells: 4/5 levels left

rFire    . . .     SeeInvis .   a - +0 club
rCold    . . .     Gourm    .   (no shield)
rNeg     . . .     Faith    .   g - +0 robe
rPois    .         Spirit   .   (no helmet)
rElec    .         Reflect  .   (no cloak)
rCorr    .         Harm     .   (no gloves)
MR       .....                  (no boots)
Stlth    ++........             (no amulet)
HPRegen  0.06/turn              (no ring)
MPRegen  0.09/turn              (no ring)

@: no status effects
A: claws 1
a: no special abilities


You escaped.
You were not hungry.

You visited 1 branch of the dungeon, and saw 1 of its levels.

You collected 20 gold pieces.

Inventory:

Hand Weapons
 a - a +0 club (weapon)
   (You took it off a kobold on level 1 of the Dungeon)
Missiles
 h - 5 stones (quivered)
Armour
 g - a +0 robe (worn)
Scrolls
 e - a scroll of magic mapping {unknown}
 f - a scroll of identify {unknown}
Potions
 d - a potion of degeneration {unknown}
Comestibles
 b - 2 rations
 i - 3 chunks of flesh {@w0}


   Skills:
 - Level 0.1 Maces & Flails
 - Level 1.7 Dodging
 - Level 1.7 Stealth
 + Level 0.0 Unarmed Combat
 - Level 2.0 Spellcasting
 + Level 4.9 Necromancy


You had 4 spell levels left.
You knew the following spells:

 Your Spells              Type           Power        Failure   Level  Hunger
a - Pain                  Necr           ###.         2%          1    #......


Dungeon Overview and Level Annotations

Branches:
Dungeon (1/15)

Altars:


Innate Abilities, Weirdness & Mutations

You have sharp fingernails.


Message History

Confirm with . or Enter, or press ? or * to list all spells.
Aiming: Pain (safe; 3% risk of failure)
Press: ? - help, Shift-Dir - straight line, f - hobgoblin
Aim: a hobgoblin (chance to defeat MR: 87%)
The hobgoblin writhes in agony!
Casting: Pain (safe; 3% risk of failure)
Confirm with . or Enter, or press ? or * to list all spells.
Aiming: Pain (safe; 3% risk of failure)
Press: ? - help, Shift-Dir - straight line, f/p - hobgoblin
Aim: a hobgoblin (moderately wounded, chance to defeat MR: 87%)
The hobgoblin writhes in agony!
You kill the hobgoblin!
Casting: Pain (safe; 3% risk of failure)
Confirm with . or Enter, or press ? or * to list all spells.
Okay, then.
You start resting.
A kobold comes into view.
There is an open door here.
There is an open door here.
You close the door.
You start resting.
A kobold opens the door.
Casting: Pain (safe; 3% risk of failure)
Confirm with . or Enter, or press ? or * to list all spells.
Aiming: Pain (safe; 3% risk of failure)
Press: ? - help, Shift-Dir - straight line, f - kobold
Aim: a kobold (chance to defeat MR: 87%)
The kobold barely resists.
Casting: Pain (safe; 3% risk of failure)
Confirm with . or Enter, or press ? or * to list all spells.
Aiming: Pain (safe; 3% risk of failure)
Press: ? - help, Shift-Dir - straight line, f/p - kobold
Aim: a kobold (chance to defeat MR: 87%)
The kobold writhes in agony!
You kill the kobold!
You close the door, pushing everything out of the way.
You start resting.
Magic restored.
HP restored.
As you open the door, it creaks loudly!
There is an open door here.
You see here a kobold corpse.
There is an open door here.
A rat comes into view.
Really attack barehanded? [Y]es or [N]o only, please.
Really attack barehanded?
Okay, then.
Casting: Pain (safe; 3% risk of failure)
Confirm with . or Enter, or press ? or * to list all spells.
Aiming: Pain (safe; 3% risk of failure)
Press: ? - help, Shift-Dir - straight line, f - rat
Aim: a rat (hasn't noticed you, chance to defeat MR: 87%)
The rat writhes in agony!
You kill the rat!
You see here a rat corpse.
You butcher the rat corpse.
i - 2 chunks of flesh {@w0} (gained 1)
You see here a rat skeleton.
Search for what [? for help]? mace Wield which item (- for none, * to show all)? (? for menu, Esc to quit)
g - a +0 club (weapon)
Drop what? 9/52 slots (_ for help) (? for menu, Esc to quit)
You drop a dagger.
Adjust (i)tems, (s)pells, or (a)bilities?
Adjust which item? (? for menu, Esc to quit)
g - a +0 club (weapon)
Adjust to which letter? (? for menu, Esc to quit)
a - a +0 club (weapon);
g - a +0 robe (worn)
A rat comes into view.
A rat comes into view.
The rat bites you.
Casting: Pain (safe; 2% risk of failure)
Confirm with . or Enter, or press ? or * to list all spells.
Aiming: Pain (safe; 2% risk of failure)
Press: ? - help, Shift-Dir - straight line, f - rat
Aim: a rat (chance to defeat MR: 87%)
The rat writhes in agony!
You kill the rat!
Casting: Pain (safe; 2% risk of failure)
Confirm with . or Enter, or press ? or * to list all spells.
Aiming: Pain (safe; 2% risk of failure)
Press: ? - help, Shift-Dir - straight line, f - rat
Aim: a rat (chance to defeat MR: 87%)
The rat writhes in agony!
You kill the rat!
You have reached level 2!
Your demonic ancestry asserts itself...
Your fingernails lengthen.
You see here a rat corpse.
You butcher the rat corpse.
i - 3 chunks of flesh {@w0} (gained 1)
You see here a rat skeleton.
Unknown command.
You see here a dagger.
There is a stone staircase leading down here.
There is an open door here.
There is a staircase leading out of the dungeon here.
Are you sure you want to leave the Dungeon?
This will make you lose the game!
You have escaped!

...#####.....##........#
......>.......÷.....##.#
.#.######....##..##.##.##########
...# ##..###..##..............
...# #.......#####.###.#.#.##
..## ##..###.# #.# #.#.#.## ..#
##..# #.. ..# #.#....# ..
#..######. #### #.#.#..# ..
####..##.@#. #......# #..'...#..#
###..... #..##..#..# ####.#
#..##..'†.# #.# #####..##'# #.#
######..#.#.. #.# #....#..###...
####.# #....'...# #.# #....#
#######..# #.### #.####


There were no monsters in sight!

Vanquished Creatures
  A giant cockroach (D:1)
  A hobgoblin (D:1)
  3 kobolds (D:1)
  3 rats (D:1)
8 creatures vanquished.

Notes
Turn   | Place    | Note
-------+----------+-------------------------------------------
     0 | D:1      | sankara the Demonspawn Necromancer began the quest for the Orb.
     0 | D:1      | Reached XP level 1. HP: 13/13 MP: 3/3
   338 | D:1      | Gained mutation: You have sharp fingernails. [demonic ancestry]
   338 | D:1      | Reached XP level 2. HP: 16/19 MP: 1/5
   371 | D:$      | Got out of the dungeon alive.

Vault maps used:
D:1:      dpeg_arrival_short_road

Action                   || total
-------------------------++-------
 Cast: Pain              ||    12
Dodge: Dodged            ||     1

Table legend:
 A = Spawn XP
 B = Non-spawn XP
 C = Spawn XP percentage of total XP
 D = Spawn monster count
 E = Non-spawn monster count
 F = Spawn count percentage of total count
 G = Total turns spent on level
                    A         B        C        D         E        F      G
               +---------+---------+-------+---------+---------+-------+---------
         Total |       0 |      12 |   0.0 |       0 |       8 |   0.0 |   371
               +---------+---------+-------+---------+---------+-------+---------
           D:1 |       0 |      12 |   0.0 |       0 |       8 |   0.0 |   371
               +---------+---------+-------+---------+---------+-------+---------

Vault maps used:
D:1:      dpeg_arrival_short_road

Table legend:
 A = Turns spent in this place as a percentage of turns spent in the entire game.
 B = Non-inter-level travel turns spent in this place as a percentage of non-inter-level travel turns spent in the entire game.
 C = Inter-level travel turns spent in this place as a percentage of turns spent in this place.
 D = Turns resting spent in this place as a percentage of non-inter-level travel turns spent in this place.
 E = Turns spent auto-exploring this place as a percentage of non-inter-level travel turns spent in this place.
 F = Non-inter-level travel turns spent in this place divided by the number of levels of this place that you've seen.
                   A       B       C       D       E      F
               +-------+-------+-------+-------+-------+----------------------
         Total | 100.0 | 100.0 |   7.5 |  39.4 |  39.1 | 343.0
       Dungeon | 100.0 | 100.0 |   7.5 |  39.4 |  39.1 | 343.0
               +-------+-------+-------+-------+-------+----------------------

Table legend:
 A = Kills in this place as a percentage of kills in entire the game.
 B = Kills by you in this place as a percentage of kills by you in the entire game.
 C = Kills by friends in this place as a percentage of kills by friends in the entire game.
 D = Other kills in this place as a percentage of other kills in the entire game.
 E = Experience gained in this place as a percentage of experience gained in the entire game.
 F = Experience gained in this place divided by the number of levels of this place that you have seen.
                   A       B       C       D       E      F
               +-------+-------+-------+-------+-------+----------------------
         Total | 100.0 | 100.0 |   N/A |   N/A | 100.0 |  12.0
       Dungeon | 100.0 | 100.0 |   N/A |   N/A | 100.0 |  12.0
               +-------+-------+-------+-------+-------+----------------------
